 Dungeon Crawl Stone Soup version 0.30-a0-883-g5ad918d77d (console) character file.

Game seed: 7478535799153832124

28 petzl the Sneak (level 3, 0/29 HPs)
             Began as a Formicid Delver on Mar 17, 2023.
             Slain by a vampire mosquito (2 damage)
             ... on level 8 of the Dungeon.
             The game lasted 00:03:02 (270 turns).

petzl the Sneak (Formicid Delver)                    Turns: 270, Time: 00:03:03

Health: 0/29       AC:  3    Str: 16    XL:     3   Next: 30%
Magic:  7/7        EV: 12    Int: 11    God:
Gold:   27         SH:  0    Dex: 15    Spells: 7/7 levels left

rFire   . . .      SeeInvis +    a - +0 mace
rCold   . . .      Faith    .    (no shield)
rNeg    . . .      Spirit   .    b - +0 leather armour
rPois   .          Reflect  .    (helmet unavailable)
rElec   .          Rampage  .    (no cloak)
rCorr   .                        (no gloves)
Will    .....                    (no boots)
Stlth   +++                      (no amulet)
HPRegen 0.24/turn                (no ring)
MPRegen 0.10/turn                (no ring)

@: no status effects
A: permanent stasis, dig shafts and tunnels, antennae 3, four strong arms
a: Dig, Shaft Self


You were on level 8 of the Dungeon.
You visited 1 branch of the dungeon, and saw 5 of its levels.

You collected 27 gold pieces.

Inventory:

Hand Weapons
 a - a +0 mace (weapon)
 j - a +0 flail
Missiles
 g - 6 stones
Armour
 b - a +0 leather armour (worn)
 i - an orb of guile
Wands
 f - a wand of digging (3)
Scrolls
 c - a scroll of fog
 d - 2 scrolls of magic mapping
 h - a scroll of teleportation {unknown}


   Skills:
 - Level 3.2 Fighting
 - Level 2.0 Maces & Flails
 - Level 1.7 Dodging
 - Level 6.0 Stealth
 + Level 2.7 Spellcasting


You had 7 spell levels left.
You didn't know any spells.
Your spell library contained the following spells:

 Spells                   Type           Power      Damage    Failure   Level
 Necrotise                Necr           4%         1d4       32%         1
 Vampiric Draining        Necr           1%         2d6       69%         3
 Agony                    Necr           1%         N/A       100%        5


Dungeon Overview and Level Annotations

Branches:
Dungeon (10/15)
 Temple: D:4-7         Lair: D:8-11         Orc: D:9-12

Altars:
Okawaru

Portals:
Bailey: D:9

Annotations:
D:9 exclusion: downstairs


Innate Abilities, Weirdness & Mutations

You cannot be hasted, slowed, berserked, paralysed or teleported.
You can dig through walls and to a lower floor.
You have a pair of large antennae on your head. (SInv)
Your four strong arms can wield two-handed weapons with a shield.


Message History

There is a stone staircase leading up here.
The goblin shouts!
The vampire mosquito buzzes angrily.
The vampire mosquito misses you.
The goblin throws a boomerang.
The boomerang closely misses you. The vampire mosquito bites you.
The vampire mosquito draws strength from your injuries!
You climb upwards.
Found a ring mail and a scroll labelled ZUTZASIOFA.
There is a stone staircase leading down here.
As you read the scroll of fear, it crumbles to dust.
You assume a fearsome visage.
The orc priest shouts!
The orc priest resists with some effort.
The orc looks frightened!
The orc shouts!
The orc looks frightened!
The orc shouts!
The vampire mosquito is unaffected.
The vampire mosquito misses you.
An orc comes into view. It is wielding a +0 club.
The orc priest casts a cantrip, but nothing happens.
Unknown command.
Unknown command.
Unknown command.
Unknown command.
Unknown command.
The vampire mosquito attacks as you move away!
The vampire mosquito bites you.
* * * LOW HITPOINT WARNING * * *
The vampire mosquito draws strength from your injuries!
Found a short sword.
A bullfrog comes into view.
The vampire mosquito bites you.
* * * LOW HITPOINT WARNING * * *
The vampire mosquito draws strength from your injuries!
Are you sure you want to shaft yourself?
Okay, then.
Okay, then.
Are you sure you want to shaft yourself?
The orc shouts!
The vampire mosquito bites you.
You die...

.. .. #. #. #
#) { ..#?##.
F...[..#####
.......@y..#
............#
............#
............#
o.oo........#
......#.......
.....###.......
o.#.. ####....


You could see a vampire mosquito, a bullfrog (wandering), an orc priest and 3
orcs.

Vanquished Creatures
  An orc priest (D:6)
1 creature vanquished.

Notes
Turn   | Place    | Note
-------+----------+-------------------------------------------
     0 | D:5      | petzl the Formicid Delver began the quest for the Orb.
     0 | D:5      | Reached XP level 1. HP: 18/18 MP: 1/1
    94 | D:5      | Noticed an orc priest
   101 | D:6      | Killed an orc priest
   102 | D:6      | Reached XP level 2. HP: 24/24 MP: 1/5
   102 | D:6      | Reached XP level 3. HP: 29/29 MP: 1/7
   115 | D:6      | You fall into a shaft and drop 3 floors!
   224 | D:10     | Entered Level 10 of the Dungeon
   224 | D:10     | Noticed a two-headed ogre
   224 | D:10     | Noticed an unseen horror
   247 | D:9      | Found an iron altar of Okawaru.
   251 | D:9      | Noticed a kobold brigand
   262 | D:9      | Noticed a vampire mosquito
   263 | D:9      | Noticed a vampire mosquito
   263 | D:9      | Noticed a vampire mosquito
   263 | D:9      | Noticed a vampire mosquito
   264 | D:9      | Found a flagged portal.
   269 | D:8      | Noticed a bullfrog
   270 | D:8      | Slain by a vampire mosquito

Illustrated notes

Levels and vault maps discovered:
D:5:      layout_basic, mainiacjoe_overflow_brackets
D:6:      layout_loops_ring, mainiacjoe_overflow_catwalk, temple_hall,
          uniq_pikel
D:8:      minmay_klotski, layout_cave_pools, nicolae_hepliaklqana_hazy_memory
D:9:      layout_loops_ring, mainiacjoe_overflow_chevrons,
          erik_lair_orcish_takeover, zombieorc1_lemuel, enter_bailey_5,
          onia_ninara_cookie
D:10:     layout_gridville, dreamdust_wishing_well, grunt_decor_clamped,
          uniq_lodul

Skill      XL: |  1 |
---------------+----+-----
Spellcasting   | 2 |  2.7
Fighting       | |  3.2
Maces & Flails | |  2.0
Dodging        | |  1.7
Stealth        | |  6.0

Action                     || total
---------------------------++-------
  Melee: Mace              ||     5
Ability: Shaft Self        ||     2
    Use: Scroll            ||     1
 Armour: Leather armour    ||     1
  Dodge: Dodged            ||    15

Table legend: (Time is in decaauts)
 A = Elapsed time spent in this place.
 B = Non-inter-level travel time spent in this place.
 C = Inter-level travel time spent in this place.
 D = Time resting spent in this place.
 E = Time spent auto-exploring this place.
 F = Levels seen in this place.
 G = Mean time per level.
                   A        B        C        D        E       F      G
               +--------+--------+--------+--------+--------+-----+--------+
         Total |    272 |    272 |      0 |    101 |     27 |   5 |   54.4 |
       Dungeon |    272 |    272 |      0 |    101 |     27 |   5 |   54.4 |
               +--------+--------+--------+--------+--------+-----+--------+

Top non-repeatable levels by time:
     D:9: 150 daAuts
     D:6: 94 daAuts
     D:5: 23 daAuts
     D:8: 2 daAuts
    D:10: 1 daAuts
